 Dungeon Crawl Stone Soup version 0.23.0 (webtiles) character file.

Game seed: 16176254631258892566

12053 Laan the Grappler (level 11, -2/82 HPs)
             Began as an Octopode Berserker on Feb 12, 2019.
             Was a High Priest of Trog.
             Slain by a wraith (7 damage)
             ... led by Josephine
             ... while paralysed
             ... on level 11 of the Dungeon.
             The game lasted 00:22:31 (10206 turns).

Laan the Grappler (Octopode Berserker)             Turns: 10206, Time: 00:22:32

Health: -2/82      AC:  3    Str: 16    XL:     11   Next: 87%
Magic:  20/20      EV:  2    Int: 10    God:    Trog [*****.]
Gold:   558        SH:  0    Dex: 18    Spells: 10/10 levels left

rFire    . . .     SeeInvis .     - Unarmed
rCold    . . .     Gourm    .   n - +0 buckler
rNeg     . . .     Faith    .   B - +2 hat {MR+}
rPois    .         Spirit   .   c - amulet of the acrobat
rElec    .         Reflect  .   i - ring of magical power
rCorr    .         Harm     .   w - +3 ring of dexterity
MR       +....                  (no ring)
Stlth    +++.......             (no ring)
HPRegen  0.23/turn              (no ring)
MPRegen  0.17/turn              (no ring)
                                (no ring)
                                (no ring)

@: paralysed, berserk cooldown, slowed
A: almost no armour, stealthy swim, amphibious, 8 rings, constrict 8, camouflage
1, gelatinous body 1
a: Berserk, Trog's Hand, Brothers in Arms, Renounce Religion


You were on level 11 of the Dungeon.
You worshipped Trog.
Trog was extremely pleased with you.
You were very hungry.

You visited 2 branches of the dungeon, and saw 12 of its levels.

You collected 558 gold pieces.

Inventory:

Armour
 n - a +0 buckler (worn)
 B - a +2 hat of magic resistance (worn)
Jewellery
 c - an amulet of the acrobat (around mantle)
 i - a ring of magical power (left tentacle)
 w - a +3 ring of dexterity (right tentacle)
Wands
 s - a wand of polymorph (2)
 y - a wand of disintegration (3)
 F - a wand of acid (4)
Scrolls
 b - 9 scrolls of identify
 d - 5 scrolls of magic mapping
 m - 2 scrolls of immolation {unknown}
 o - a scroll of fog {unknown}
 p - 3 scrolls of amnesia {unknown}
 q - 4 scrolls of teleportation
 r - a scroll of enchant weapon {unknown}
 u - a scroll of random uselessness {unknown}
 v - a scroll of noise {unknown}
 x - a scroll of fear {unknown}
 A - 3 scrolls of remove curse
 E - a scroll of blinking {unknown}
Potions
 e - 4 potions of lignification
 f - a potion of haste {unknown}
 g - a potion of might {unknown}
 h - 7 potions of curing
 j - 4 potions of agility {unknown}
 k - a potion of flight {unknown}
 l - a potion of berserk rage {unknown}
 t - 2 potions of brilliance {unknown}
 z - 2 potions of cancellation {unknown}
 C - 13 potions of degeneration
 D - a potion of magic {unknown}
Comestibles
 a - 22 rations
 G - 4 chunks of flesh


   Skills:
 + Level 10.5 Fighting
 + Level 5.9 Dodging
 - Level 4.0 Shields
 * Level 13.9 Unarmed Combat


You had 10 spell levels left.
You didn't know any spells.
Your spell library was empty.

Dungeon Overview and Level Annotations

Branches:
Dungeon (11/15)            Temple (1/1) D:6            Lair (0/6) D:10
    Orc (0/2) D:9

Altars:
Ashenzari
Hepliaklqana
Kikubaaqudgha
Nemelex Xobeh
Okawaru
Sif Muna
Trog
Uskayaw
Vehumet
Wu Jian
Xom
Yredelemnul
Zin
Beogh

Shops:
D:8 *   D:11 :

Annotations:
D:6 3 runed translucent doors, feta's ghost, novice FoFi
D:11 2 transporters


Innate Abilities, Weirdness & Mutations

You cannot wear most types of armour.
You are very stealthy in the water. (Stealth+)
You are amphibious.
You can wear up to eight rings at the same time.
You can use your tentacles to constrict eight enemies at once.
Your skin changes colour to match your surroundings (Stealth+).
Your rubbery body absorbs attacks. (AC +1, EV +1)


Message History

You pass out from exhaustion.
You feel as though you will be slow longer.
The wraith hits you! The wraith hits you but does no damage.
The wraith hits you. The wraith completely misses you.
A yak comes into view.
The wraith hits you.
* * * LOW HITPOINT WARNING * * *
The wraith drains your vigour!
You feel as though you will be slow longer.
The wraith hits you!
* * * LOW HITPOINT WARNING * * *
The wraith drains your vigour!
You feel as though you will be slow longer.
The wraith hits you!
* * * LOW HITPOINT WARNING * * *
The wraith drains your vigour!
You feel as though you will be slow longer.
A quokka comes into view.
The wraith hits you!
You die...

#.............
#....r#........#....
#..Y..#........#....
###+#.....#.......)#....
..........#.......######
..........#########.....
........Y...............
......)Y................
......W@................
......W.................
.....#####..............
.... +.............. ...
#.............. ..
###............ .
#..###########
#..#8P#oKttK..
....#P.#≈≈≈≈≈≈≈


You could see 3 yaks, 2 wraiths and a quokka (wandering).

Vanquished Creatures
  Gastronok (D:11)
  Josephine (D:11)
  Erolcha (D:11)
  A catoblepas (D:10)
  A two-headed ogre (D:10)
  Joseph (D:7)
  3 hippogriffs
  4 yaks (D:10)
  3 wraiths (D:11)
  Grum (D:11)
  A hungry ghost (D:7)
  Menkaure (D:7)
  8 orc warriors
  A swamp drake (D:9)
  2 black bears
  3 sky beasts
  2 ice beasts
  2 phantoms
  3 ogres
  2 wolves (D:11)
  3 centaurs
  2 big kobolds
  Blork the orc (D:5)
  8 bullfrogs
  A gnoll sergeant (D:6)
  3 scorpions
  8 killer bees
  3 wights (D:8)
  A howler monkey (D:4)
  4 crimson imps
  3 hounds
  3 jellies
  2 quasits
  11 orc priests
  6 orc wizards
  A centaur skeleton (D:9)
  2 iguanas
  14 worker ants
  A hound zombie (D:6)
  2 howler monkey zombies
  12 gnolls
  A howler monkey skeleton (D:7)
  15 adders
  A shadow imp (D:10)
  2 oozes
  An adder zombie (D:2)
  6 worms
  7 dart slugs
  7 leopard geckos
  59 orcs
  7 giant cockroaches
  11 hobgoblins
  24 jackals
  4 quokkas
  4 bats
  5 frilled lizards
  8 goblins
  2 jackal skeletons
  8 kobolds
  A quokka skeleton (D:7)
  5 rats
311 creatures vanquished.

Notes
Turn   | Place    | Note
-------+----------+-------------------------------------------
     0 | D:1      | Laan the Octopode Berserker began the quest for the Orb.
     0 | D:1      | Reached XP level 1. HP: 16/16 MP: 1/1
    59 | D:1      | Reached XP level 2. HP: 15/21 MP: 2/2
   451 | D:1      | Reached XP level 3. HP: 23/26 MP: 3/3
   627 | D:1      | Reached skill level 4 in Unarmed Combat
   633 | D:1      | You fall through a shaft!
   640 | D:2      | Reached ** piety under Trog
   663 | D:2      | Reached XP level 4. HP: 19/32 MP: 4/4
  1178 | D:2      | Reached XP level 5. HP: 29/37 MP: 5/5
  1179 | D:2      | Reached skill level 5 in Unarmed Combat
  1711 | D:3      | Reached XP level 6. HP: 40/44 MP: 6/6
  1770 | D:3      | Reached *** piety under Trog
  2302 | D:4      | Reached skill level 6 in Unarmed Combat
  2510 | D:4      | Reached skill level 5 in Fighting
  2510 | D:4      | Reached XP level 7. HP: 36/50 MP: 7/7
  2651 | D:4      | Reached **** piety under Trog
  2658 | D:4      | Reached skill level 7 in Unarmed Combat
  3054 | D:5      | Entered Level 5 of the Dungeon
  3054 | D:5      | Noticed Blork the orc
  3350 | D:5      | Killed Blork the orc
  3364 | D:5      | Reached skill level 1 in Shields
  3800 | D:5      | Found a hazy altar of Hepliaklqana.
  3801 | D:5      | Found a shimmering altar of Xom.
  3801 | D:5      | Noticed a tentacled monstrosity
  3802 | D:5      | Noticed a tentacled monstrosity
  3802 | D:5      | Noticed a spectral ugly thing
  3884 | D:5      | Found a deep blue altar of Sif Muna.
  3915 | D:5      | Reached XP level 8. HP: 40/57 MP: 8/8
  4063 | D:6      | Found a staircase to the Ecumenical Temple.
  4078 | Temple   | Entered the Ecumenical Temple
  4092 | D:6      | Reached skill level 8 in Unarmed Combat
  5000 | D:6      | Found an iron altar of Okawaru.
  5162 | D:6      | Found a runed translucent gate.
  5165 | D:6      | Found a runed translucent gate.
  5165 | D:6      | Noticed feta's ghost (novice FoFi)
  5167 | D:6      | Identified the cursed +3 flail "Enkubly" {freeze, +Rage
                  | +Inv rF+ Dex-2}
  5168 | D:6      | Found a runed translucent gate.
  5169 | D:6      | Found a roughly hewn altar of Beogh.
  5239 | D:6      | Reached skill level 9 in Unarmed Combat
  5452 | D:7      | Noticed a hippogriff
  5456 | D:7      | Reached XP level 9. HP: 63/63 MP: 9/9
  5530 | D:7      | Reached ***** piety under Trog
  5589 | D:7      | Noticed Joseph
  5600 | D:7      | Killed Joseph
  5602 | D:7      | Reached skill level 10 in Unarmed Combat
  5955 | D:7      | Received a gift from Trog
  6223 | D:7      | Found a radiant altar of Vehumet.
  6285 | D:7      | Found a bloodstained altar of Trog.
  6290 | D:7      | Found a shattered altar of Ashenzari.
  6375 | D:7      | Found an ancient bone altar of Kikubaaqudgha.
  6375 | D:7      | Noticed Menkaure
  6381 | D:7      | Killed Menkaure
  6381 | D:7      | Reached skill level 11 in Unarmed Combat
  6381 | D:7      | Reached XP level 10. HP: 72/72 MP: 10/10
  6386 | D:7      | Found a hide-covered altar of Uskayaw.
  6935 | D:8      | Found Zagaon's Assorted Antiques.
  6948 | D:8      | Found an ornate altar of the Wu Jian Council.
  7223 | D:8      | Found a glowing silver altar of Zin.
  7223 | D:8      | Found a sparkling altar of Nemelex Xobeh.
  7710 | D:9      | Found a basalt altar of Yredelemnul.
  7785 | D:9      | Reached skill level 12 in Unarmed Combat
  8058 | D:9      | Found a staircase to the Orcish Mines.
  8155 | D:9      | Received a gift from Trog
  8682 | D:10     | Entered Level 10 of the Dungeon
  8683 | D:10     | Noticed a two-headed ogre
  8689 | D:10     | Killed a two-headed ogre
  8778 | D:10     | Noticed a catoblepas
  8786 | D:10     | Killed a catoblepas
  8786 | D:10     | Reached XP level 11. HP: 81/81 MP: 11/11
  9128 | D:10     | Found a staircase to the Lair.
  9198 | D:10     | Reached skill level 13 in Unarmed Combat
  9650 | D:11     | Found Echer's Book Boutique.
  9674 | D:11     | Found a transporter.
  9684 | D:11     | Noticed a fire crab
  9694 | D:11     | Noticed Grum
  9703 | D:11     | Killed Grum
  9705 | D:11     | Reached skill level 10 in Fighting
  9886 | D:11     | Noticed Gastronok
  9901 | D:11     | Killed Gastronok
  9901 | D:11     | Reached skill level 5 in Dodging
 10014 | D:11     | Noticed Erolcha
 10020 | D:11     | Killed Erolcha
 10165 | D:11     | Noticed a fire crab
 10171 | D:11     | Found a transporter.
 10182 | D:11     | Noticed Josephine
 10193 | D:11     | Killed Josephine
 10206 | D:11     | Slain by a wraith

Skill      XL: |  1  2  3  4  5  6  7  8  9 10 11 |
---------------+----------------------------------+-----
Unarmed Combat | 4 5 6 7 9 11 12 13 | 13.9
Fighting       | 4 5 6 8 9 10 | 10.5
Shields        | 1 3 4 |  4.0
Dodging        | 4 5 |  5.9

Action                   |  1- 3 |  4- 6 |  7- 9 | 10-12 || total
-------------------------+-------+-------+-------+-------++-------
Melee: Unarmed           |    72 |   144 |   213 |   258 ||   687
       Tentacles         |    15 |    30 |    51 |    61 ||   157
       Constrict         |    22 |    43 |    55 |    50 ||   170
       Punch             |     1 |     4 |    25 |    43 ||    73
Invok: Berserk           |       |     4 |    11 |    15 ||    30
       Trog's Hand       |       |       |     1 |     1 ||     2
Evoke: Wand              |       |       |       |     4 ||     4
  Use: Scroll            |       |     5 |     2 |       ||     7
 Stab: Sleeping          |     3 |     3 |     2 |     6 ||    14
       Distracted        |       |     2 |     1 |     1 ||     4
       Confused          |       |       |       |     1 ||     1
  Eat: Chunk             |       |     8 |    16 |    25 ||    49
       Ration            |       |       |     2 |       ||     2
Armor: Skin              |     6 |     7 |     9 |     8 ||    30
Dodge: Dodged            |    39 |    94 |   145 |   155 ||   433
Block: Buckler           |       |       |    37 |    53 ||    90
